 Dungeon Crawl Stone Soup version 0.29-a0-219-g0a02b1cf4f (webtiles) character file.

Game seed: 618572306744225502

4992 esteth the Archer (level 10, -2/79 HPs)
             Began as a Gnoll Hunter on Feb 25, 2022.
             Was a Follower of Ashenzari.
             Slain by a two-headed ogre
             ... wielding a +0 giant spiked club
              (11 damage)
             ... on level 9 of the Dungeon.
             The game lasted 00:20:28 (11411 turns).

esteth the Archer (Gnoll Hunter)                   Turns: 11411, Time: 00:20:29

Health: -2/79      AC:  9    Str: 16    XL:     10   Next: 54%
Magic:  18/18      EV: 14    Int: 18    God:    Ashenzari [*.....]
Gold:   719        SH:  0    Dex: 15    Spells: 19/19 levels left

rFire   + . .      SeeInvis +   a - +1 shortbow
rCold   . . .      Faith    .   (shield currently unavailable)
rNeg    . . .      Spirit   .   t - +4 ring mail of Ashenzari's Sun {rElec Str+4 SInv, Cun, Comp} (curse)
rPois   .          Reflect  .   (helmet restricted)
rElec   +          Harm     .   o - +1 cloak
rCorr   .          Rampage  .   (no gloves)
Will    .....                   (no boots)
Stlth   +++.......              (no amulet)
HPRegen 0.23/turn               F - ring of protection from fire
MPRegen 0.16/turn               I - ring "Thunder Perfect Mind" {Int+6, Melee, Range} (curse)

@: about to teleport
A: fangs 1, strong nose, distributed training, horns 1, deformed body
a: Renounce Religion, Curse Item, Shatter the Chains


You were on level 9 of the Dungeon.
You worshipped Ashenzari.
Ashenzari was aware of your devotion.
You visited 1 branch of the dungeon, and saw 9 of its levels.

You collected 719 gold pieces.


Innate Abilities, Weirdness & Mutations

You have very sharp teeth.
Your uncanny sense of smell can sniff out nearby items.
Your experience applies equally to all skills.
You have a pair of small horns on your head.
Armour fits poorly on your strangely shaped body.


   Skills:
 + Level 7.1 Fighting
 + Level 5.3(6.2) Short Blades
 + Level 5.3(6.2) Long Blades
 + Level 5.3(6.2) Axes
 + Level 5.3(6.2) Maces & Flails
 + Level 5.3(6.2) Polearms
 + Level 5.3(6.2) Staves
 + Level 5.3(6.2) Slings
 + Level 10.1(11.0) Bows
 + Level 5.3(6.2) Crossbows
 + Level 5.3(6.2) Throwing
 + Level 5.3 Armour
 + Level 7.1(8.0) Dodging
 + Level 5.9(6.7) Stealth
 + Level 5.3 Shields
 + Level 5.3(6.2) Unarmed Combat
 + Level 5.3 Spellcasting
 + Level 4.4 Conjurations
 + Level 4.4 Hexes
 + Level 4.4(5.2) Summonings
 + Level 4.4(5.2) Necromancy
 + Level 4.4 Translocations
 + Level 4.4 Transmutations
 + Level 4.4 Fire Magic
 + Level 4.4 Ice Magic
 + Level 4.4 Air Magic
 + Level 4.4 Earth Magic
 + Level 4.4 Poison Magic
 + Level 5.9 Invocations
 + Level 5.3 Evocations


You had 19 spell levels left.
You didn't know any spells.
Your spell library contained the following spells:

 Spells                   Type           Power      Damage    Failure   Level
 Beastly Appendage        Tmut           40%        N/A       3%          1
 Freeze                   Ice            80%        1d9       3%          1
 Sublimation of Blood     Necr           23%        N/A       4%          2
 Wereblood                Tmut           20%        N/A       5%          2
 Frozen Ramparts          Ice            40%        1d6       11%         3
 Gell's Gravitas          Tloc           20%        N/A       11%         3
 Lesser Beckoning         Tloc           20%        N/A       11%         3
 Spider Form              Tmut/Pois      20%        N/A       11%         3
 Teleport Other           Tloc           20%        N/A       11%         3
 Hailstorm                Conj/Ice       20%        3d6       36%         4
 Fireball                 Conj/Fire      10%        3d6       71%         5
 Starburst                Conj/Fire      10%        6d5       99%         6
 Malign Gateway           Summ/Tloc      11%        N/A       100%        7
 Summon Hydra             Summ           11%        N/A       100%        7
 Ignition                 Fire           10%        3d5       100%        8
 Summon Horrible Things   Summ           11%        N/A       100%        8

Inventory:

Hand Weapons
 a - a +1 shortbow (weapon)
Missiles
 k - 2 javelins
 q - 38 poisoned darts
 r - 287 stones
 y - 8 boomerangs
Armour
 g - a +0 scale mail
   (You took it off a hobgoblin on level 8 of the Dungeon)
 m - a +0 pair of boots
   (You found it on level 6 of the Dungeon)
 o - a +1 cloak (worn)
   (You found it on level 1 of the Dungeon)
 t - the cursed +4 ring mail of Ashenzari's Sun (worn) {rElec Str+4 SInv, Cun, Comp}
   (You found it on level 2 of the Dungeon)

   Str:       It affects your strength (+4).
   rElec:     It insulates you from electricity.
   SInv:      It lets you see invisible.
   It has a curse which improves the following skills: Cunning: Dodging and
   Stealth.
   Companions: Summonings and Necromancy.
 u - a +0 ring mail
   (You took it off an orc priest on level 8 of the Dungeon)
 w - a +2 robe of the Archmagi
   (You took it off a gnoll shaman on level 4 of the Dungeon)
 B - a +0 leather armour
   (You took it off a gnoll shaman on level 8 of the Dungeon)
 E - a +0 chain mail
   (You found it on level 7 of the Dungeon)
 G - a +0 leather armour
   (You found it on level 8 of the Dungeon)
 J - a +0 scale mail
   (You took it off a kobold on level 8 of the Dungeon)
 P - a +0 troll leather armour
   (You found it on level 9 of the Dungeon)
 T - a +1 chain mail of fire resistance
   (You took it off Ijyb on level 5 of the Dungeon)
 W - a +1 ring mail of poison resistance
   (You took it off an orc on level 8 of the Dungeon)
 X - a +0 ring mail
   (You took it off an orc priest on level 8 of the Dungeon)
 Y - a +0 robe
   (You took it off an orc wizard on level 8 of the Dungeon)
Jewellery
 b - a ring of willpower
   (You found it on level 6 of the Dungeon)
 f - a ring of fire
   (You found it on level 4 of the Dungeon)
 i - a ring of willpower
   (You took it off a goblin on level 1 of the Dungeon)
 C - a ring of protection from cold
   (You found it on level 2 of the Dungeon)
 F - a ring of protection from fire (left hand)
   (You found it on level 2 of the Dungeon)
 H - an amulet of reflection
   (You found it on level 9 of the Dungeon)
 I - the cursed ring "Thunder Perfect Mind" (right hand) {Int+6, Melee, Range}
   (You found it on level 6 of the Dungeon)

   [ring of intelligence]

   Int:       It affects your intelligence (+6).
   It has a curse which improves the following skills: Melee Combat: Short
   Blades, Long Blades, Axes, Maces & Flails, Polearms, Staves and Unarmed
   Combat.
   Ranged Combat: Slings, Bows, Crossbows and Throwing.
 N - a ring of positive energy
   (You found it on level 8 of the Dungeon)
Wands
 j - a wand of iceblast (10)
   (You found it on level 6 of the Dungeon)
 n - a wand of polymorph (13)
   (You found it on level 8 of the Dungeon)
 U - a wand of flame (74)
   (You took it off Ijyb on level 5 of the Dungeon)
Scrolls
 c - 2 scrolls of holy word
 e - 2 scrolls of enchant weapon
 h - a scroll of teleportation {@r4}
 p - a scroll of brand weapon
 x - a scroll of torment {!r}
 D - 2 scrolls of vulnerability {!r!r}
 K - 2 scrolls of fog
 M - a scroll of enchant armour
 O - 8 scrolls of identify {@r1}
 Q - a scroll of silence {!r}
Potions
 d - a potion of brilliance
 l - 3 potions of flight
 s - 2 potions of invisibility
 v - a potion of lignification {!q}
 z - 2 potions of degeneration {!q}
 A - 5 potions of might
 L - 2 potions of mutation {!q}
 R - a potion of resistance
 S - a potion of cancellation

Dungeon Overview and Level Annotations

Branches:
Dungeon (9/15)             Temple (0/1) D:5
   Lair: D:8-11         Orc: D:9-12

Altars:
Ashenzari
Gozag
Hepliaklqana
Kikubaaqudgha
Okawaru
Qazlal
Sif Muna
Wu Jian
Xom
Yredelemnul
The Shining One

#....#....#≈#..#≈####.### .. #.
#.#....#≈≈≈≈≈≈# #.# #..#..
#.#....###########.#### #.....
#.#............#..>.... ....#.
#..######......#.......
#....#####...####..............
###...†.#####..##..######.......
...##......####O....######.......
................@................
............###..y#.##..#......>.
.........÷.......................
.......†....####.........###..###
............##...........####..#
..........................# ##.#
..÷.....†.)...............# #.#
................#.........####.#
.............#..#..............#


You could see a two-headed ogre and a killer bee.


Message History

The bullfrog croaks.
The arrow hits the bullfrog!
You shoot an arrow. The arrow hits the bullfrog!
You kill the bullfrog!
No target in view!
No target in view!
r - 281 stones (gained 2)
Things that are here:
a +0 club; a kobold corpse 😎 HP[+4]
Your hp is fully restored (79).
Things that are here:
a +0 club; a +0 hand crossbow; a kobold corpse
There is a stone staircase leading up, spattered with blood here.
q - 38 poisoned darts (gained 5)
You see here a +0 dagger.
r - 282 stones (gained 1)
You see here a +0 whip.
No target in view!
A bullfrog comes into view.
Things that are here:
a +0 club; 5 stones A bullfrog is nearby!
You shoot an arrow. The arrow closely misses the bullfrog.
The bullfrog gives a loud, deep croak!
You shoot an arrow. The arrow hits the bullfrog!
You shoot an arrow. The arrow hits the bullfrog!
You kill the bullfrog!
No target in view!
No target in view!
r - 287 stones (gained 5)
You see here a +0 club.
H - an amulet of reflection
h - 2 scrolls of teleportation {@r4} (gained 1)
L - 2 potions of mutation {!q} (gained 1)
Found a stone staircase leading down.
Found a stone staircase leading down.
No target in view!
No target in view!
There is a stone staircase leading down here.
You open the large door.
There is a large open door here.
Found an escape hatch in the floor.
There is a large open door here.
An orc wizard comes into view. It is wielding a +0 dagger.
The orc wizard moves out of view.
No target in view!
You shoot an arrow. The orc wizard shouts!
The arrow hits the orc wizard.
You shoot an arrow. The arrow hits the orc wizard!
You kill the orc wizard!
You hear two shouts!
No target in view!
No target in view!
A two-headed ogre comes into view.
It is wielding two +0 giant spiked clubs.
You shoot an arrow. The arrow hits the two-headed ogre.
The two-headed ogre hits you with a +0 giant spiked club! x2 😮 HP[-28]
You take 28 damage, and now have 51/79 hp.
MASSIVE DAMAGE!! (PAUSE) 😮 HP[+1] 😮 HP[+1] Shoot: a) +1 shortbow
Press: ? - help, Shift-Dir - straight line, f/p - two-headed ogre
Aim: a two-headed ogre, wielding two +0 giant spiked clubs (lightly wounded, 80% to hit)
You shoot an arrow. The arrow hits the two-headed ogre!
A killer bee comes into view.
The two-headed ogre closely misses you.
The two-headed ogre hits you with a +0 giant spiked club!
* * * LOW HITPOINT WARNING * * *
😨 HP[-14]
You take 14 damage, and now have 39/79 hp.
Shoot: a) +1 shortbow
Press: ? - help, Shift-Dir - straight line, f/p - two-headed ogre
Aim: a two-headed ogre, wielding two +0 giant spiked clubs (lightly wounded, 80% to hit)
You shoot an arrow. The killer bee buzzes angrily.
The arrow hits the two-headed ogre.
The two-headed ogre completely misses you.
The two-headed ogre hits you with a +0 giant spiked club!
* * * LOW HITPOINT WARNING * * *
😨 HP[-11]
You take 11 damage, and now have 28/79 hp.
Shoot: a) +1 shortbow
Press: ? - help, Shift-Dir - straight line, f/p - two-headed ogre
Aim: a two-headed ogre, wielding two +0 giant spiked clubs (moderately wounded, 80% to hit)
You shoot an arrow. The arrow hits the two-headed ogre!
The two-headed ogre hits you with a +0 giant spiked club!!
* * * LOW HITPOINT WARNING * * *
The two-headed ogre closely misses you. 😱 HP[-19]
You take 19 damage, and now have 9/79 hp.
MASSIVE DAMAGE!! (PAUSE) Unknown command.
As you read the scroll of teleportation {@r4}, it crumbles to dust.
You feel strangely unstable. The killer bee barely misses you.
The two-headed ogre hits you with a +0 giant spiked club!
You die...

Skill      XL: |  1  2  3  4  5  6  7  8  9 10 |
---------------+-------------------------------+-----
Invocations    | 1 2 3 4 5 |  5.9
Short Blades   | 1 2 3 4 5 |  5.3
Long Blades    | 1 2 3 4 5 |  5.3
Axes           | 1 2 3 4 5 |  5.3
Maces & Flails | 1 2 3 4 5 |  5.3
Polearms       | 1 2 3 4 5 |  5.3
Staves         | 1 2 3 4 5 |  5.3
Slings         | 1 2 3 4 5 |  5.3
Crossbows      | 1 2 3 4 5 |  5.3
Throwing       | 1 2 3 4 5 |  5.3
Armour         | 1 2 3 4 5 |  5.3
Shields        | 1 2 3 4 5 |  5.3
Unarmed Combat | 1 2 3 4 5 |  5.3
Spellcasting   | 1 2 3 4 5 |  5.3
Evocations     | 1 2 3 4 5 |  5.3
Conjurations   | 1 2 3 4 |  4.4
Hexes          | 1 2 3 4 |  4.4
Summonings     | 1 2 3 4 |  4.4
Necromancy     | 1 2 3 4 |  4.4
Translocations | 1 2 3 4 |  4.4
Transmutations | 1 2 3 4 |  4.4
Fire Magic     | 1 2 3 4 |  4.4
Ice Magic      | 1 2 3 4 |  4.4
Air Magic      | 1 2 3 4 |  4.4
Earth Magic    | 1 2 3 4 |  4.4
Poison Magic   | 1 2 3 4 |  4.4
Fighting       | 5 6 7 |  7.1
Dodging        | 5 6 7 |  7.1
Stealth        | 3 4 5 |  5.9
Bows           | 9 10 | 10.1

Action                   |  1- 3 |  4- 6 |  7- 9 | 10-12 || total
-------------------------+-------+-------+-------+-------++-------
 Fire: Shortbow          |    72 |    99 |   651 |   216 ||  1038
Invok: Curse Item        |       |     1 |     1 |       ||     2
  Use: Potion            |       |       |     8 |     4 ||    12
       Scroll            |       |       |     3 |     7 ||    10
Armor: Leather armour    |     3 |       |       |       ||     3
       Ring mail         |     3 |    18 |   213 |    53 ||   287
Dodge: Dodged            |     3 |    27 |   382 |   125 ||   537

Levels and vault maps discovered:
D:1:      psy_arrival_spokes, layout_basic
D:2:      layout_rooms, dilly_ecumenical_altar_fadedgnrine, uniq_terence
D:3:      layout_basic, mainiacjoe_overflow_tiny_flanked,
          beargit_hepliaklqana_dungeon_heroes, minivault_26, uniq_grinder
D:4:      layout_rooms, amcnicky_altar_gilded, kennysheep_donut, uniq_eustachio
D:5:      layout_loops_ring, tgw_kikubaaqudgha,
          lemuel_mausoleum_altar_yredelemnul, minmay_temple_entry_overgrown,
          chequers_serial_rivers_small_3, cheibrodos_gnoll_hut, uniq_ijyb
D:6:      layout_loops_ring, grunt_qazlal_sundering, dk_noncrumbling_4,
          st_stairs_5
D:7:      layout_loops_ring, minitemple, chequers_avenue
D:8:      kennysheep_housing_project, layout_basic
D:9:      layout_rooms, lightli_temple_of_fire, jmf_multi_god_temple,
          serial_shops, shop, kennysheep_generic_room_15

Notes
Turn   | Place    | Note
-------+----------+-------------------------------------------
     0 | D:1      | esteth the Gnoll Hunter began the quest for the Orb.
     0 | D:1      | Reached XP level 1. HP: 20/20 MP: 1/1
     0 | D:1      | magus.rc [v1.11.3]
    95 | D:1      | Reached XP level 2. HP: 26/26 MP: 2/2
   418 | D:1      | Reached XP level 3. HP: 31/31 MP: 3/3
   544 | D:2      | Identified the +4 ring mail of Impermeability {rElec Str+4
                  | SInv}
   635 | D:2      | Reached skill level 1 in Invocations
   635 | D:2      | You fall into a shaft and drop 1 floor!
   635 | D:3      | Found a broken altar of Ashenzari.
   639 | D:3      | Became a worshipper of Ashenzari the Shackled
   710 | D:3      | Reached skill level 1 in Short Blades
   710 | D:3      | Reached skill level 1 in Long Blades
   710 | D:3      | Reached skill level 1 in Axes
   710 | D:3      | Reached skill level 1 in Maces & Flails
   710 | D:3      | Reached skill level 1 in Polearms
   710 | D:3      | Reached skill level 1 in Staves
   710 | D:3      | Reached skill level 1 in Slings
   710 | D:3      | Reached skill level 1 in Crossbows
   710 | D:3      | Reached skill level 1 in Throwing
   710 | D:3      | Reached skill level 1 in Armour
   710 | D:3      | Reached skill level 1 in Shields
   710 | D:3      | Reached skill level 1 in Unarmed Combat
   710 | D:3      | Reached skill level 1 in Spellcasting
   710 | D:3      | Reached skill level 1 in Evocations
   710 | D:3      | Reached XP level 4. HP: 38/38 MP: 5/5
   804 | D:2      | Noticed Terence
   812 | D:2      | Killed Terence
   813 | D:2      | Reached skill level 1 in Conjurations
   813 | D:2      | Reached skill level 1 in Hexes
   813 | D:2      | Reached skill level 1 in Summonings
   813 | D:2      | Reached skill level 1 in Necromancy
   813 | D:2      | Reached skill level 1 in Translocations
   813 | D:2      | Reached skill level 1 in Transmutations
   813 | D:2      | Reached skill level 1 in Fire Magic
   813 | D:2      | Reached skill level 1 in Ice Magic
   813 | D:2      | Reached skill level 1 in Air Magic
   813 | D:2      | Reached skill level 1 in Earth Magic
   813 | D:2      | Reached skill level 1 in Poison Magic
  1087 | D:2      | Found a faded altar of an unknown god.
  1179 | D:3      | Reached XP level 5. HP: 43/43 MP: 6/6
  1459 | D:3      | Noticed Grinder
  1460 | D:3      | Paralysed by Grinder for 2 turns
  1474 | D:3      | Killed Grinder
  1475 | D:3      | Reached skill level 5 in Fighting
  1475 | D:3      | Reached skill level 2 in Short Blades
  1475 | D:3      | Reached skill level 2 in Long Blades
  1475 | D:3      | Reached skill level 2 in Axes
  1475 | D:3      | Reached skill level 2 in Maces & Flails
  1475 | D:3      | Reached skill level 2 in Polearms
  1475 | D:3      | Reached skill level 2 in Staves
  1475 | D:3      | Reached skill level 2 in Slings
  1475 | D:3      | Reached skill level 2 in Crossbows
  1475 | D:3      | Reached skill level 2 in Throwing
  1475 | D:3      | Reached skill level 2 in Armour
  1475 | D:3      | Reached skill level 5 in Dodging
  1475 | D:3      | Reached skill level 3 in Stealth
  1475 | D:3      | Reached skill level 2 in Shields
  1475 | D:3      | Reached skill level 2 in Unarmed Combat
  1475 | D:3      | Reached skill level 2 in Spellcasting
  1475 | D:3      | Reached skill level 2 in Invocations
  1475 | D:3      | Reached skill level 2 in Evocations
  1475 | D:3      | Reached XP level 6. HP: 51/51 MP: 7/9
  1861 | D:3      | Reached XP level 7. HP: 52/56 MP: 10/10
  1893 | D:3      | Found a faded altar of an unknown god.
  1895 | D:3      | Found a hazy altar of Hepliaklqana.
  2341 | D:4      | Noticed Eustachio
  2490 | D:4      | You pick up a book of Blood and begin reading...
  2490 | D:4      | You add the spells Sublimation of Blood, Wereblood and
                  | Summon Hydra to your library.
  2539 | D:4      | Found an iron altar of Okawaru.
  2605 | D:4      | Reached skill level 2 in Conjurations
  2605 | D:4      | Reached skill level 2 in Hexes
  2605 | D:4      | Reached skill level 2 in Summonings
  2605 | D:4      | Reached skill level 2 in Necromancy
  2605 | D:4      | Reached skill level 2 in Translocations
  2605 | D:4      | Reached skill level 2 in Transmutations
  2605 | D:4      | Reached skill level 2 in Fire Magic
  2605 | D:4      | Reached skill level 2 in Ice Magic
  2605 | D:4      | Reached skill level 2 in Air Magic
  2605 | D:4      | Reached skill level 2 in Earth Magic
  2605 | D:4      | Reached skill level 2 in Poison Magic
  2652 | D:4      | Killed Eustachio
  2653 | D:4      | Reached skill level 9 in Bows
  2653 | D:4      | Reached skill level 3 in Invocations
  2687 | D:4      | Identified a +2 robe of the Archmagi
  2998 | D:4      | Reached XP level 8. HP: 47/63 MP: 12/12
  3158 | D:4      | Reached skill level 3 in Short Blades
  3158 | D:4      | Reached skill level 3 in Long Blades
  3158 | D:4      | Reached skill level 3 in Axes
  3158 | D:4      | Reached skill level 3 in Maces & Flails
  3158 | D:4      | Reached skill level 3 in Polearms
  3158 | D:4      | Reached skill level 3 in Staves
  3158 | D:4      | Reached skill level 3 in Slings
  3158 | D:4      | Reached skill level 3 in Crossbows
  3158 | D:4      | Reached skill level 3 in Throwing
  3158 | D:4      | Reached skill level 3 in Armour
  3158 | D:4      | Reached skill level 3 in Shields
  3158 | D:4      | Reached skill level 3 in Unarmed Combat
  3158 | D:4      | Reached skill level 3 in Spellcasting
  3158 | D:4      | Reached skill level 3 in Evocations
  3467 | D:4      | You pick up a book of Changes and begin reading...
  3467 | D:4      | You add the spells Beastly Appendage and Spider Form to
                  | your library.
  3564 | D:5      | Entered Level 5 of the Dungeon
  3659 | D:5      | Found an ancient bone altar of Kikubaaqudgha.
  3669 | D:5      | Found a staircase to the Ecumenical Temple.
  3888 | D:5      | Reached skill level 4 in Stealth
  3993 | D:5      | HP: 15/63 [scorpion (5)]
  3995 | D:5      | HP: 7/63 [scorpion (5)]
  3997 | D:5      | Gained mutation: You are frail. (-10% HP) [potion of
                  | mutation]
  3997 | D:5      | HP: 2/56 [scorpion (4)]
  4244 | D:5      | Lost mutation: You are frail. (-10% HP) [potion of
                  | mutation]
  4244 | D:5      | Gained mutation: Armour fits poorly on your strangely
                  | shaped body. [potion of mutation]
  4244 | D:5      | Gained mutation: You have a pair of small horns on your
                  | head. [potion of mutation]
  4463 | D:5      | Noticed Ijyb
  4482 | D:5      | Killed Ijyb
  4821 | D:5      | Found a basalt altar of Yredelemnul.
  4908 | D:5      | Reached skill level 4 in Invocations
  4920 | D:5      | Reached skill level 3 in Conjurations
  4920 | D:5      | Reached skill level 3 in Hexes
  4920 | D:5      | Reached skill level 3 in Summonings
  4920 | D:5      | Reached skill level 3 in Necromancy
  4920 | D:5      | Reached skill level 3 in Translocations
  4920 | D:5      | Reached skill level 3 in Transmutations
  4920 | D:5      | Reached skill level 3 in Fire Magic
  4920 | D:5      | Reached skill level 3 in Ice Magic
  4920 | D:5      | Reached skill level 3 in Air Magic
  4920 | D:5      | Reached skill level 3 in Earth Magic
  4920 | D:5      | Reached skill level 3 in Poison Magic
  4943 | D:5      | Reached skill level 6 in Fighting
  4943 | D:5      | Reached skill level 6 in Dodging
  5025 | D:5      | Reached XP level 9. HP: 69/69 MP: 14/14
  5529 | D:6      | Reached skill level 4 in Short Blades
  5529 | D:6      | Reached skill level 4 in Long Blades
  5529 | D:6      | Reached skill level 4 in Axes
  5529 | D:6      | Reached skill level 4 in Maces & Flails
  5529 | D:6      | Reached skill level 4 in Polearms
  5529 | D:6      | Reached skill level 4 in Staves
  5529 | D:6      | Reached skill level 4 in Slings
  5529 | D:6      | Reached skill level 4 in Crossbows
  5529 | D:6      | Reached skill level 4 in Throwing
  5529 | D:6      | Reached skill level 4 in Armour
  5529 | D:6      | Reached skill level 4 in Shields
  5529 | D:6      | Reached skill level 4 in Unarmed Combat
  5529 | D:6      | Reached skill level 4 in Spellcasting
  5529 | D:6      | Reached skill level 4 in Evocations
  5779 | D:6      | Found a stormy altar of Qazlal.
  6469 | D:6      | Reached skill level 5 in Stealth
  6475 | D:6      | You pick up a book of Displacement and begin reading...
  6475 | D:6      | You add the spells Lesser Beckoning, Gell's Gravitas and
                  | Teleport Other to your library.
  6490 | D:6      | Reached * piety under Ashenzari
  6877 | D:7      | Reached skill level 5 in Invocations
  7231 | D:7      | Found an ornate altar of the Wu Jian Council.
  7235 | D:7      | Found a glowing golden altar of the Shining One.
  7376 | D:7      | Found a shimmering altar of Xom.
  7376 | D:7      | Found an opulent altar of Gozag.
  7379 | D:7      | Found a shimmering blue altar of Sif Muna.
  7775 | D:8      | You pick up a book of Frost and begin reading...
  7775 | D:8      | You add the spells Freeze, Frozen Ramparts and Hailstorm to
                  | your library.
  7893 | D:8      | HP: 15/71 [killer bee (3)]
  7898 | D:8      | HP: 17/71 [poisoned by a killer bee]
  8246 | D:8      | You pick up a book of Displacement and begin reading...
  8289 | D:8      | You pick up a book of Fire and begin reading...
  8289 | D:8      | You add the spells Fireball, Starburst and Ignition to your
                  | library.
  8549 | D:8      | Reached XP level 10. HP: 56/77 MP: 17/17
  8616 | D:8      | Reached skill level 4 in Conjurations
  8616 | D:8      | Reached skill level 4 in Hexes
  8616 | D:8      | Reached skill level 4 in Summonings
  8616 | D:8      | Reached skill level 4 in Necromancy
  8616 | D:8      | Reached skill level 4 in Translocations
  8616 | D:8      | Reached skill level 4 in Transmutations
  8616 | D:8      | Reached skill level 4 in Fire Magic
  8616 | D:8      | Reached skill level 4 in Ice Magic
  8616 | D:8      | Reached skill level 4 in Air Magic
  8616 | D:8      | Reached skill level 4 in Earth Magic
  8616 | D:8      | Reached skill level 4 in Poison Magic
  8937 | D:8      | Reached skill level 5 in Short Blades
  8937 | D:8      | Reached skill level 5 in Long Blades
  8937 | D:8      | Reached skill level 5 in Axes
  8937 | D:8      | Reached skill level 5 in Maces & Flails
  8937 | D:8      | Reached skill level 5 in Polearms
  8937 | D:8      | Reached skill level 5 in Staves
  8937 | D:8      | Reached skill level 5 in Slings
  8937 | D:8      | Reached skill level 5 in Crossbows
  8937 | D:8      | Reached skill level 5 in Throwing
  8937 | D:8      | Reached skill level 5 in Armour
  8937 | D:8      | Reached skill level 5 in Shields
  8937 | D:8      | Reached skill level 5 in Unarmed Combat
  8937 | D:8      | Reached skill level 5 in Spellcasting
  8937 | D:8      | Reached skill level 5 in Evocations
  9274 | D:8      | Noticed a manticore
  9281 | D:8      | HP: 6/77 [manticore/volley of spikes (16)]
  9672 | D:8      | Reached skill level 10 in Bows
  9672 | D:8      | HP: 17/77 [killer bee (5)]
  9677 | D:8      | HP: 16/77 [killer bee (2)]
 10145 | D:8      | HP: 15/77 [manticore (5)]
 10146 | D:8      | Killed a manticore
 10147 | D:8      | Reached skill level 7 in Fighting
 10147 | D:8      | Reached skill level 7 in Dodging
 10653 | D:9      | You add the spells Malign Gateway and Summon Horrible
                  | Things to your library.
 10879 | D:9      | HP: 18/79 [vampire mosquito (7)]
 10884 | D:8      | HP: 12/79 [vampire mosquito (7)]
 11399 | D:9      | Noticed a two-headed ogre
 11410 | D:9      | HP: 9/79 [two-headed ogre/+0 giant spiked club (20)]
 11411 | D:9      | Slain by a two-headed ogre

Vanquished Creatures
  A manticore (D:8)
  A troll (D:9)
  Grinder (D:3)
  Eustachio (D:4)
  A vampire mosquito (D:9)
  2 ice beasts (D:6)
  A necrophage (D:5)
  An orc warrior (D:8)
  2 sky beasts
  A centaur (D:8)
  4 phantoms
  4 kobold brigands
  6 scorpions
  6 bullfrogs
  2 gnoll sergeants (D:8)
  5 killer bees (D:8)
  5 howler monkeys
  2 wights (D:5)
  2 bullfrog zombies (D:5)
  A human zombie (D:5)
  A centaur zombie (D:5)
  6 hounds
  2 jellies
  2 gnoll shamans
  5 orc priests
  Ijyb (D:5)
  4 iguanas
  2 scorpion zombies (D:5)
  6 orc wizards
  Terence (D:2)
  A killer bee zombie (D:5)
  A hound zombie (D:5)
  A mummy (D:5)
  14 gnolls
  7 adders
  2 shadow imps (D:7)
  2 white imps
  2 dart slugs
  16 orcs
  5 ball pythons
  4 bats
  8 endoplasms
  4 giant cockroaches
  2 goblins
  20 hobgoblins
  5 jackals
  3 quokkas
  2 frilled lizards
  23 kobolds
  4 rats
205 creatures vanquished.

Vanquished Creatures (others)
  A sky beast (D:5)
  A human (D:5)
  15 plants (D:8)
17 creatures vanquished.

Grand Total: 222 creatures vanquished

Table legend:
 A = Non-vault XP
 B = Vault XP
 C = Vault XP percentage of total XP
 D = Non-vault monster count
 E = Vault monster count
 F = Vault count percentage of total count
                 A         B        C        D         E       F
            +---------+---------+-------+---------+---------+-------
      Total |    4887 |    2245 |  31.5 |     152 |      54 |  26.2
            +---------+---------+-------+---------+---------+-------
        D:1 |      34 |       0 |   0.0 |      18 |       0 |   0.0
        D:2 |      47 |      32 |  40.5 |      13 |       1 |   7.1
        D:3 |     206 |     400 |  66.0 |      23 |       2 |   8.0
        D:4 |     469 |     203 |  30.2 |      26 |       1 |   3.7
        D:5 |     526 |     697 |  57.0 |      14 |      16 |  53.3
        D:6 |     854 |      48 |   5.3 |      16 |       2 |  11.1
        D:7 |     690 |       0 |   0.0 |      17 |       0 |   0.0
        D:8 |    1189 |     747 |  38.6 |      13 |      30 |  69.8
        D:9 |     872 |     118 |  11.9 |      12 |       2 |  14.3
            +---------+---------+-------+---------+---------+-------

Illustrated notes

Table legend:
 A = Kills in this place as a percentage of kills in entire the game.
 B = Kills by you in this place as a percentage of kills by you in the entire game.
 C = Kills by friends in this place as a percentage of kills by friends in the entire game.
 D = Other kills in this place as a percentage of other kills in the entire game.
 E = Experience gained in this place as a percentage of experience gained in the entire game.
 F = Experience gained in this place divided by the number of levels of this place that you have seen.
                   A       B       C       D       E      F
               +-------+-------+-------+-------+-------+----------------------
         Total | 100.0 | 100.0 |   N/A | 100.0 | 100.0 | 792.4
       Dungeon | 100.0 | 100.0 |   N/A | 100.0 | 100.0 | 792.4
               +-------+-------+-------+-------+-------+----------------------

Table legend: (Time is in decaauts)
 A = Elapsed time spent in this place.
 B = Non-inter-level travel time spent in this place.
 C = Inter-level travel time spent in this place.
 D = Time resting spent in this place.
 E = Time spent auto-exploring this place.
 F = Levels seen in this place.
 G = Mean time per level.
                   A        B        C        D        E       F      G
               +--------+--------+--------+--------+--------+-----+--------+
         Total |  11519 |  11317 |    202 |   1654 |   7875 |   9 | 1279.9 |
       Dungeon |  11519 |  11317 |    202 |   1654 |   7875 |   9 | 1279.9 |
               +--------+--------+--------+--------+--------+-----+--------+

Top non-repeatable levels by time:
     D:8: 3385 daAuts
     D:5: 1973 daAuts
     D:3: 1426 daAuts
     D:4: 1178 daAuts
     D:6: 1076 daAuts
     D:7: 1042 daAuts
     D:2: 580 daAuts
     D:1: 431 daAuts
     D:9: 424 daAuts
